 Dungeon Crawl Stone Soup version 0.30-a0-170-g85af917532 (webtiles) character file.

Game seed: 1356572557198408699

125848 qw the Peltast (level 16, -7/101 HPs)
             Began as a Gargoyle Fighter on Sept 30, 2022.
             Was a High Priest of Okawaru.
             Killed from afar by a Hell Sentinel (37 damage)
             ... with damnation
             ... summoned by a deep elf demonologist
             ... on level 3 of the Abyss.
             The game lasted 00:13:08 (26310 turns).

qw the Peltast (Gargoyle Fighter)                  Turns: 26310, Time: 00:13:09

Health: -7/101     AC: 51    Str: 30    XL:     16   Next: 97%
Magic:  19/23      EV: 10    Int: 10    God:    Okawaru [*****.]
Gold:   734        SH: 21    Dex:  9    Spells: 15/15 levels left

rFire   + + .      SeeInvis +    b - +1 broad axe (vamp)
rCold   + . .      Faith    .    B - +0 tower shield
rNeg    + . .      Spirit   .    A - +11 plate armour "Iramusel" {rPois Str+3 SInv}
rPois   inf        Reflect  .    (no helmet)
rElec   +          Harm     .    y - +2 cloak
rCorr   +          Rampage  .    (no gloves)
Will    +....                    G - +2 pair of boots
Stlth   ..........               z - amulet of regeneration
HPRegen 1.06/turn                Y - ring of protection from fire
MPRegen 0.18/turn                x - +4 ring of protection

@: resistant, heroic, finesse-ful, flying
A: sickness immunity, AC +12, big wings, negative energy resistance 1,
electricity resistance, torment resistance 1, petrification resistance
a: Renounce Religion, Heroism, Finesse, Duel


You were on level 3 of the Abyss.
You worshipped Okawaru.
Okawaru was extremely pleased with you.
You visited 5 branches of the dungeon, and saw 26 of its levels.
You visited the Abyss 2 times.

You collected 2676 gold pieces.
You spent 1942 gold pieces at shops.


Innate Abilities, Weirdness & Mutations

You are immune to sickness and miasma.
Your stone body is resilient. (AC +12)
You are immune to poison.
Your large and strong wings let you fly.
You resist negative energy. (rN+)
You are resistant to electric shocks. (rElec)
You are resistant to unholy torment.
You are immune to petrification.


   Skills:
 - Level 12.0(17.0) Fighting
 + Level 16.9(21.9) Axes
 - Level 7.0(12.0) Throwing
 - Level 11.1(16.1) Armour
 - Level 3.0(8.0) Dodging
 - Level 17.0(22.0) Shields
 - Level 10.0 Invocations


You had 15 spell levels left.
You didn't know any spells.
Your spell library was empty.

Inventory:

Hand Weapons
 b - a +1 vampiric broad axe (weapon)
 k - a +0 morningstar
 F - a +5 vorpal broad axe
Missiles
 s - 2 silver boomerangs
 t - 41 boomerangs
 v - 13 javelins
 E - a silver javelin (quivered)
Armour
 c - +0 acid dragon scales
 f - a +0 helmet
 n - a scarf of resistance
 y - a +2 cloak (worn)
 A - the +11 plate armour "Iramusel" (worn) {rPois Str+3 SInv}
   (Okawaru gifted it to you on level 13 of the Dungeon)

   Str:       It affects your strength (+3).
   rPois:     It protects you from poison.
   SInv:      It lets you see invisible.
 B - a +0 tower shield (worn)
 G - a +2 pair of boots (worn)
 I - the +1 pair of boots of the Grape {*Slow rElec Int+9}
   (Okawaru gifted it to you on level 3 of the Abyss)

   Int:       It affects your intelligence (+9).
   rElec:     It insulates you from electricity.
   *Slow:     It may slow you when you take damage.
Jewellery
 j - a ring of see invisible
 l - a ring of protection from fire
 x - a +4 ring of protection (right hand)
 z - an amulet of regeneration (around neck)
 C - the ring of Eqipnaakk {Fire Str+2 Dex+3}
   (You bought it in a shop on level 2 of the Orcish Mines)

   [ring of fire]

   It enhances your fire magic.
   Str:       It affects your strength (+2).
   Dex:       It affects your dexterity (+3).
   rF:        It protects you from fire.
   rC:        It makes you vulnerable to cold.
 D - the ring of Vowadauf {Fly Dex+5}
   (You bought it in a shop on level 2 of the Orcish Mines)

   [ring of flight]

   Dex:       It affects your dexterity (+5).
   Fly:       It grants you flight.
 Y - a ring of protection from fire (left hand)
Scrolls
 h - 24 scrolls of identify
 r - 10 scrolls of teleportation
 w - a scroll of brand weapon
Potions
 a - 2 potions of haste
 d - 12 potions of might
 e - 4 potions of heal wounds
 g - 8 potions of curing
 i - 6 potions of mutation
 m - 4 potions of lignification
 o - 9 potions of attraction
 p - 4 potions of cancellation
 q - a potion of magic
 u - 2 potions of resistance
 H - a potion of invisibility {unknown}

Dungeon Overview and Level Annotations

Branches:
Dungeon (15/15)            Temple (1/1) D:7            Lair (5/5) D:11
 Shoals (3/4) Lair:3       Spider (0/4) Lair:2        Slime (0/5) Lair:4
    Orc (2/2) D:11            Elf (0/3) Orc:2        Vaults (0/5) D:13
 Depths (0/4) D:15

Altars:
Ashenzari
Cheibriados
Dithmenos
Elyvilon
Fedhas
Gozag
Hepliaklqana
Kikubaaqudgha
Makhleb
Nemelex Xobeh
Okawaru
Qazlal
Ru
Sif Muna
Trog
Uskayaw
Vehumet
Wu Jian
Xom
Yredelemnul
Zin
The Shining One
Jiyva

Shops:
D:1 !!?   Orc:2 =**(   Shoals:2 ?

Annotations:
D:4 1 runed translucent door, qw's ghost, amateur GrFi
D:8 3 runed translucent doors, qw's ghost, novice GrFi
Shoals:1 2 transporters, royokou's ghost, adept GrEE
Shoals:3 Ilsuiw; Louise


Message History

The raiju bursts into living lightning!
The living lightning hits you but does no damage.
The living lightning hits the raiju.
The raiju completely resists.
The raiju blinks!
You block the raiju's attack. The raiju bites you but does no damage.
You slash the raiju!
You feel better.
The raiju is almost dead.
You hit the large abomination but do no damage.
You slash the raiju!
You feel better.
You slash the raiju! You slice the raiju!!
You kill the raiju!
Okawaru accepts your kill.
You completely miss the large abomination.
You hit the raiju but do no damage. You slash the raiju!
You block the raiju's attack. The large abomination hits you.
You hit the raiju.
You kill the raiju!
Okawaru accepts your kill.
You slash the raiju!
You kill the raiju!
Okawaru accepts your kill.
You slash the large abomination! You slice the large abomination!!
The large abomination is severely damaged.
You slice the large abomination!!
You destroy the large abomination!
Okawaru accepts your kill.
The raiju bursts into living lightning!
The living lightning hits you. You resist.
The raiju blinks!
The raiju bursts into living lightning!
The living lightning hits you. You resist.
The raiju blinks!
The Hell Sentinel gestures at you. The iron shot hits you!!!
Ouch! That really hurt!
The raiju bursts into living lightning!
The living lightning hits you but does no damage.
The raiju blinks!
The Hell Sentinel gestures at you.
The sphere of damnation explodes!
The damnation engulfs you!!!
You die...

..... .....## ..
... # . # ##.##.#
.... ##. ##
#..¤#.##....
....#.##...h#... ..
...........~.......
~.~......%h........
~.~.e11@..........
.
~~#~.~.\%%.........
.~~.~~#~..~....###
.. .
.~~.~~h¤..~.#...# .
~~~~~~~~~##..#### .
~~~~~~~~.~..#
~~~~.~~~~~~..#
~~.~~~~~~~~..#
~~~~~ ~ ~.. #


You could see a Hell Sentinel (summoned), an Ice Fiend (summoned), a deep elf
demonologist and 3 raiju.

Vanquished Creatures
  A bone dragon (Abyss:3)
  A tentacled starspawn (Abyss:3)
  A dire elephant (Lair:4)
  2 merfolk javelineers
  An ettin (D:15)
  2 merfolk impalers
  Josephine (Lair:4)
  A great orb of eyes (Abyss:3)
  Erolcha (D:12)
  2 hydras
  2 vault guards (D:13)
  An ogre mage (D:15)
  An anaconda (Lair:4)
  7 two-headed ogres
  A catoblepas (Lair:5)
  A death knight (D:14)
  3 centaur warriors
  4 boulder beetles
  An alligator (Lair:4)
  4 tengu warriors
  7 death yaks
  4 orc high priests (Orc:2)
  Urug (Lair:4)
  2 thrashing horrors (Abyss:3)
  9 skeletal warriors
  3 wretched stars (Abyss:3)
  Sonja (Lair:5)
  6 sea snakes
  A sixfirhy (Abyss:3)
  A steelbarb worm (shapeshifter) (D:15)
  3 harpies (Shoals:1)
  8 orc knights
  A deep elf pyromancer (D:15)
  A necromancer (D:15)
  Pikel (D:7)
  8 ugly things
  A will-o-the-wisp (Abyss:3)
  3 orc sorcerers (Orc:2)
  4 cyclopes
  8 fauns
  2 worldbinders (Abyss:3)
  9 manticores
  8 merfolk sirens
  19 elephants
  3 black mambas
  A smoke demon (Abyss:3)
  A torpor snail (Lair:4)
  A water nymph (Shoals:1)
  6 cane toads
  A gargoyle (D:11)
  An efreet (D:15)
  An unseen horror (D:11)
  7 rime drakes
  9 komodo dragons
  Psyche (D:12)
  2 freezing wraiths
  3 ancient zymes (Abyss:3)
  2 hellwings (Abyss:3)
  10 trolls
  3 wind drakes
  4 polar bears (Lair:5)
  Grinder (D:3)
  A wolf spider simulacrum (D:15)
  3 meliai
  8 hornets
  14 merfolk
  3 slime creatures (D:14)
  2 snapping turtles
  5 dream sheep
  7 raiju (Abyss:3)
  3 water elementals (Shoals:2)
  10 humans (D:13)
  50 yaks
  2 vampires
  7 wyverns
  14 spriggans (Lair:5)
  A shadow (D:11)
  9 wraiths
  A ynoxinul (Abyss:3)
  2 basilisks
  4 steam dragons
  11 vampire mosquitoes
  2 wargs (Orc:2)
  Menkaure (D:5)
  3 large abominations (Abyss:3)
  21 water moccasins
  An acid dragon (D:10)
  32 orc warriors
  5 black bears
  A sky beast (D:7)
  7 starcursed masses
  22 wolves
  8 centaurs
  4 ogres
  3 boggarts (Lair:5)
  4 small abominations (Abyss:3)
  3 lemures (D:7)
  3 kobold brigands
  A phantom (D:5)
  10 bullfrogs
  3 gnoll sergeants
  A necrophage (D:5)
  4 scorpions
  4 wights (D:5)
  A two-headed ogre simulacrum (D:11)
  3 killer bees (D:8)
  3 howler monkeys
  2 electric eels
  2 jellies (D:6)
  2 gnoll boudas
  21 orc priests
  A hound (D:4)
  Terence (D:3)
  Ijyb (D:5)
  A hell rat (Lair:4)
  35 orc wizards
  A spriggan simulacrum (D:11)
  A statue (D:13)
  A troll simulacrum (D:11)
  28 gnolls
  A naga simulacrum (D:11)
  6 adders
  2 white imps
  2 ufetubi (Abyss:3)
  2 worms (D:3)
  4 dart slugs
  81 orcs
  8 endoplasms
  2 giant cockroaches
  9 goblins
  15 hobgoblins
  25 kobolds
  4 quokkas
  8 ball pythons
  7 bats
  2 frilled lizards
  3 goblin skeletons (D:3)
  2 hobgoblin zombies (D:3)
  A kobold zombie (D:3)
  An orc skeleton (D:3)
  2 orc zombies (D:3)
  2 rats
  A lurking horror (Abyss:3)
  A starspawn tentacle (Abyss:3)
801 creatures vanquished.

Vanquished Creatures (others)
  A wizard (D:15)
  A white imp (Abyss:3)
  4 foxfires (Abyss:3)
  55 fungi
  68 plants
  3 starspawn tentacles (Abyss:3)
  2 withered plants (Shoals:3)
134 creatures vanquished.

Grand Total: 935 creatures vanquished

Notes
Turn   | Place    | Note
-------+----------+-------------------------------------------
     0 | D:1      | qw the Gargoyle Fighter began the quest for the Orb.
     0 | D:1      | Reached XP level 1. HP: 14/14 MP: 1/1
     0 | D:1      | 0 ||| qw: Version: 0.2-a-12-gaebbb33
     0 | D:1      | 0 ||| qw: Game counter: 1601
     0 | D:1      | 0 ||| qw: Always use a shield: true
     0 | D:1      | 0 ||| qw: God list: Okawaru
     0 | D:1      | 0 ||| qw: Allow faded altars: false
     0 | D:1      | 0 ||| qw: Do Orc after D:15 true
     0 | D:1      | 0 ||| qw: Do second Lair branch before Depths: true
     0 | D:1      | 0 ||| qw: Lair rune preference: random
     0 | D:1      | 0 ||| qw: Plans: Normal, Zot:1-4, God:TSO, Crypt, Tomb,
                  | Pan, Slime:5, Hells, Abyss, Orb
     0 | D:1      | 0 ||| PLANNING D:1-11
   117 | D:1      | 117 ||| Stepping ~*~*~tactically~*~*~ (stealth).
   119 | D:1      | 119 ||| Stepping ~*~*~tactically~*~*~ (stealth).
   120 | D:1      | 120 ||| Stepping ~*~*~tactically~*~*~ (stealth).
   121 | D:1      | 121 ||| Stepping ~*~*~tactically~*~*~ (stealth).
   174 | D:1      | Found Rurirr's Distillery.
   183 | D:1      | 183 ||| SHOPLISTING potion of curing (30 gold, have 0).
   183 | D:1      | 183 ||| SHOPLISTING potion of heal wounds (50 gold, have
                  | 0).
   183 | D:1      | 183 ||| SHOPLISTING potion of mutation (80 gold, have 0).
   203 | D:1      | Found Ibamoj's Magic Scroll Emporium.
   209 | D:1      | 209 ||| SHOPLISTING scroll of enchant armour (75 gold, have
                  | 0).
   209 | D:1      | 209 ||| SHOPLISTING scroll of identify (20 gold, have 0).
   209 | D:1      | 209 ||| SHOPLISTING scroll of teleportation (30 gold, have
                  | 0).
   265 | D:1      | Reached XP level 2. HP: 19/19 MP: 2/2
   427 | D:1      | Found Mebico Zoe's Distillery.
   434 | D:1      | 434 ||| SHOPLISTING potion of cancellation (80 gold, have
                  | 0).
   434 | D:1      | 434 ||| SHOPLISTING potion of curing (30 gold, have 0).
   434 | D:1      | 434 ||| SHOPLISTING potion of haste (100 gold, have 0).
   434 | D:1      | 434 ||| SHOPLISTING potion of heal wounds (50 gold, have
                  | 0).
   434 | D:1      | 434 ||| SHOPLISTING potion of resistance (100 gold, have
                  | 0).
   667 | D:1      | 667 ||| UPGRADING to ring of see invisible.
   668 | D:1      | 668 ||| READING scroll labelled IZIBOOLOEFA.
   669 | D:1      | 669 ||| READING scroll labelled OLAATU MAOBIEKH.
   670 | D:1      | 670 ||| READING scroll labelled KAIMEZX AQUMANK.
   671 | D:1      | 671 ||| DRINKING 2 fizzy clear potions.
   672 | D:1      | 672 ||| DROPPING potion of flight.
   693 | D:2      | 693 ||| STAIRDANCE
   787 | D:2      | Reached skill level 3 in Axes
   787 | D:2      | 787 ||| STAIRDANCE
   903 | D:2      | 903 ||| Stepping ~*~*~tactically~*~*~ (stealth).
   914 | D:2      | Reached XP level 3. HP: 14/23 MP: 3/3
   933 | D:2      | 933 ||| FLEEEEING.
  1115 | D:2      | 1115 ||| Stepping ~*~*~tactically~*~*~ (stealth).
  1117 | D:2      | 1117 ||| Stepping ~*~*~tactically~*~*~ (hiding).
  1346 | D:2      | 1346 ||| Stepping ~*~*~tactically~*~*~ (stealth).
  1408 | D:2      | 1408 ||| FLEEEEING.
  1411 | D:2      | 1411 ||| FLEEEEING.
  1412 | D:2      | 1412 ||| FLEEEEING.
  1546 | D:2      | You fall into a shaft and drop 2 floors!
  1558 | D:4      | 1558 ||| UPGRADING to +2 plate armour of willpower.
  1568 | D:4      | 1568 ||| DROPPING +0 scale mail.
  1577 | D:3      | Noticed a shining eye
  1578 | D:3      | 1578 ||| PLANNING SEWER
  1590 | D:3      | 1590 ||| DROPPING +1 hand axe of venom.
  1616 | D:3      | 1616 ||| Stepping ~*~*~tactically~*~*~ (stealth).
  1623 | D:3      | 1623 ||| Stepping ~*~*~tactically~*~*~ (stealth).
  1654 | D:3      | Found a glowing golden altar of the Shining One.
  1658 | D:3      | 1658 ||| Stepping ~*~*~tactically~*~*~ (stealth).
  1676 | D:3      | Reached XP level 4. HP: 23/28 MP: 4/4
  1822 | D:3      | 1822 ||| Stepping ~*~*~tactically~*~*~ (hiding).
  1831 | D:3      | 1831 ||| Stepping ~*~*~tactically~*~*~ (stealth).
  1901 | D:3      | Noticed Grinder
  1912 | D:3      | 1912 ||| Stepping ~*~*~tactically~*~*~ (hiding).
  1913 | D:3      | 1913 ||| Stepping ~*~*~tactically~*~*~ (hiding).
  1918 | D:3      | Paralysed by Grinder for 5 turns
  1928 | D:3      | Paralysed by Grinder for 4 turns
  1929 | D:3      | HP: 6/28 [Grinder (2)]
  1933 | D:3      | 1933 ||| Stepping ~*~*~tactically~*~*~ (hiding).
  1937 | D:3      | HP: 1/28 [Grinder/nerve-wracking pain (6)]
  1938 | D:3      | Killed Grinder
  1939 | D:3      | Reached XP level 5. HP: 1/32 MP: 5/5
  1939 | D:3      | Reached XP level 6. HP: 1/37 MP: 6/6
  2279 | D:3      | 2279 ||| Stepping ~*~*~tactically~*~*~ (stealth).
  2280 | D:3      | 2280 ||| Stepping ~*~*~tactically~*~*~ (stealth).
  2291 | D:3      | 2291 ||| Stepping ~*~*~tactically~*~*~ (hiding).
  2292 | D:3      | 2292 ||| Stepping ~*~*~tactically~*~*~ (hiding).
  2297 | D:3      | 2297 ||| RIP SEWER
  2298 | D:3      | 2298 ||| PLANNING D:1-11
  2344 | D:3      | 2344 ||| READING scroll labelled QOUBLA CECLY.
  2344 | D:3      | Identified a scroll of acquirement
  2344 | D:3      | 2344 ||| ACQUIRING +1 vampiric broad axe
  2344 | D:3      | Acquired a +1 vampiric broad axe
  2346 | D:3      | 2346 ||| SWAPPING to +1 vampiric broad axe.
  2347 | D:3      | 2347 ||| DROPPING +0 war axe.
  2348 | D:3      | 2348 ||| READING scroll labelled SOIZOI OMISO.
  2352 | D:3      | 2352 ||| READING scroll labelled NACYOCADUTT.
  2353 | D:3      | 2353 ||| READING 4 scrolls of identify.
  2353 | D:3      | 2353 ||| IDENTIFYING emerald potion
  2354 | D:3      | 2354 ||| READING 3 scrolls of identify.
  2354 | D:3      | 2354 ||| IDENTIFYING white potion
  2375 | D:3      | Noticed an eye of devastation
  2377 | D:3      | Found a faded altar of an unknown god.
  2379 | D:3      | Noticed a shining eye
  2620 | D:2      | 2620 ||| Stepping ~*~*~tactically~*~*~ (stealth).
  2968 | D:2      | 2968 ||| READING scroll labelled FAOTTY QYUG.
  2969 | D:2      | 2969 ||| READING 3 scrolls of identify.
  2969 | D:2      | 2969 ||| IDENTIFYING blue potion
  2970 | D:2      | 2970 ||| READING 2 scrolls of identify.
  2970 | D:2      | 2970 ||| IDENTIFYING fuming pink potion
  2971 | D:2      | 2971 ||| DROPPING potion of brilliance.
  3050 | D:3      | Noticed an eye of devastation
  3099 | D:3      | Noticed Terence
  3121 | D:3      | Killed Terence
  3122 | D:3      | 3122 ||| STAIRDANCE
  3224 | D:2      | 3224 ||| READING scroll labelled QUTIOD QASCH.
  3463 | D:3      | 3463 ||| Stepping ~*~*~tactically~*~*~ (water).
  3717 | D:3      | 3717 ||| DROPPING amulet of faith.
  3718 | D:3      | 3718 ||| READING scroll labelled HEBRAROAR.
  3719 | D:3      | 3719 ||| READING scroll labelled DASUIM USONU.
  3828 | D:4      | Reached skill level 6 in Axes
  3908 | D:4      | Found a runed translucent door.
  3908 | D:4      | Noticed qw's ghost (amateur GrFi)
  3955 | D:4      | 3955 ||| Stepping ~*~*~tactically~*~*~ (stealth).
  4017 | D:4      | 4017 ||| Stepping ~*~*~tactically~*~*~ (stealth).
  4072 | D:4      | Reached XP level 7. HP: 43/43 MP: 7/7
  4072 | D:4      | 4072 ||| Stepping ~*~*~tactically~*~*~ (stealth).
  4076 | D:4      | 4076 ||| Stepping ~*~*~tactically~*~*~ (stealth).
  4077 | D:4      | 4077 ||| Stepping ~*~*~tactically~*~*~ (stealth).
  4094 | D:4      | 4094 ||| DROPPING +0 whip.
  4105 | D:4      | 4105 ||| Stepping ~*~*~tactically~*~*~ (hiding).
  4119 | D:4      | 4119 ||| FLEEEEING.
  4120 | D:4      | 4120 ||| FLEEEEING.
  4121 | D:4      | 4121 ||| FLEEEEING.
  4371 | D:4      | 4371 ||| Stepping ~*~*~tactically~*~*~ (stealth).
  4753 | D:4      | 4753 ||| READING scroll labelled VAOSUA OJUJOAZ.
  4754 | D:4      | 4754 ||| READING scroll labelled TUVULA ROFOE.
  4755 | D:4      | 4755 ||| READING 2 scrolls of identify.
  4755 | D:4      | 4755 ||| IDENTIFYING fuming coppery potion
  4800 | D:5      | Entered Level 5 of the Dungeon
  4864 | D:5      | 4864 ||| Stepping ~*~*~tactically~*~*~ (stealth).
  4867 | D:5      | 4867 ||| Stepping ~*~*~tactically~*~*~ (stealth).
  4914 | D:5      | Noticed Menkaure
  4920 | D:5      | Killed Menkaure
  5298 | D:5      | Reached XP level 8. HP: 49/49 MP: 8/8
  5306 | D:5      | Noticed Ijyb
  5314 | D:5      | Killed Ijyb
  5447 | D:5      | Reached skill level 1 in Dodging
  5659 | D:5      | 5659 ||| DROPPING +0 flail.
  5668 | D:5      | 5668 ||| Stepping ~*~*~tactically~*~*~ (stealth).
  5909 | D:5      | 5909 ||| Stepping ~*~*~tactically~*~*~ (stealth).
  5940 | D:5      | Found a sparkling altar of Nemelex Xobeh.
  5943 | D:5      | Found a bloodstained altar of Trog.
  5948 | D:5      | Found a blossoming altar of Fedhas.
  6076 | D:6      | 6076 ||| Stepping ~*~*~tactically~*~*~ (hiding).
  6115 | D:6      | 6115 ||| Stepping ~*~*~tactically~*~*~ (stealth).
  6116 | D:6      | 6116 ||| Stepping ~*~*~tactically~*~*~ (stealth).
  6117 | D:6      | 6117 ||| Stepping ~*~*~tactically~*~*~ (stealth).
  6232 | D:6      | 6232 ||| DROPPING +3 flail.
  6268 | D:6      | 6268 ||| Stepping ~*~*~tactically~*~*~ (hiding).
  6291 | D:6      | Reached skill level 6 in Fighting
  6864 | D:6      | Reached skill level 9 in Axes
  6864 | D:6      | Reached XP level 9. HP: 53/55 MP: 9/9
  6904 | D:6      | Identified the +6 long sword of Kasicef {speed, rN+ Int+3
                  | Dex-5}
  7142 | D:6      | 7142 ||| READING 7 scrolls of identify.
  7142 | D:6      | 7142 ||| IDENTIFYING sapphire potion
  7143 | D:6      | 7143 ||| DROPPING potion of magic.
  7229 | D:7      | Reached skill level 4 in Shields
  7247 | D:7      | 7247 ||| Stepping ~*~*~tactically~*~*~ (stealth).
  7248 | D:7      | 7248 ||| Stepping ~*~*~tactically~*~*~ (stealth).
  7256 | D:7      | Noticed Pikel
  7274 | D:7      | Killed Pikel
  7322 | D:7      | 7322 ||| Stepping ~*~*~tactically~*~*~ (stealth).
  7430 | D:7      | 7430 ||| Stepping ~*~*~tactically~*~*~ (hiding).
  7431 | D:7      | 7431 ||| Stepping ~*~*~tactically~*~*~ (hiding).
  7799 | D:7      | 7799 ||| FLEEEEING.
  7800 | D:7      | 7800 ||| FLEEEEING.
  7801 | D:7      | 7801 ||| FLEEEEING.
  7802 | D:7      | 7802 ||| FLEEEEING.
  7803 | D:7      | 7803 ||| FLEEEEING.
  7804 | D:7      | 7804 ||| FLEEEEING.
  7805 | D:7      | 7805 ||| FLEEEEING.
  7806 | D:7      | 7806 ||| STAIRDANCE
  7854 | D:6      | 7854 ||| READING scroll labelled HOCSYM IFUODD.
  7855 | D:6      | 7855 ||| DRINKING 2 lumpy golden potions.
  7974 | D:7      | 7974 ||| Stepping ~*~*~tactically~*~*~ (hiding).
  8099 | D:7      | Found a staircase to the Ecumenical Temple.
  8100 | D:7      | 8100 ||| PLANNING TEMPLE
  8106 | Temple   | Entered the Ecumenical Temple
  8187 | Temple   | 8187 ||| PLANNING OKAWARU WORSHIP
  8196 | Temple   | Became a worshipper of Warmaster Okawaru
  8197 | Temple   | 8197 ||| PLANNING D:1-11
  8271 | D:7      | 8271 ||| UPGRADING to amulet of the acrobat.
  8276 | D:7      | 8276 ||| READING scroll labelled HAUPEMEDAP.
  8277 | D:7      | 8277 ||| READING 6 scrolls of identify.
  8277 | D:7      | 8277 ||| IDENTIFYING cyan potion
  8438 | D:8      | 8438 ||| Stepping ~*~*~tactically~*~*~ (stealth).
  8440 | D:8      | 8440 ||| Stepping ~*~*~tactically~*~*~ (stealth).
  8664 | D:8      | Reached skill level 6 in Armour
  8714 | D:8      | 8714 ||| DRINKING 3 potions of curing.
  8714 | D:8      | 8714 ||| (to cure confusion)
  8717 | D:8      | Noticed a two-headed ogre
  8719 | D:8      | Reached XP level 10. HP: 58/64 MP: 10/10
  8720 | D:8      | Reached * piety under Okawaru
  8721 | D:8      | 8721 ||| INVOKING Heroism.
  8730 | D:8      | Reached skill level 1 in Invocations
  8732 | D:8      | 8732 ||| INVOKING Heroism.
  8738 | D:8      | Killed a two-headed ogre
  8739 | D:8      | Reached skill level 5 in Shields
  8739 | D:8      | Reached skill level 3 in Invocations
  8960 | D:8      | Found a runed translucent gate.
  8961 | D:8      | Found a runed translucent gate.
  8961 | D:8      | Found a runed translucent gate.
  8963 | D:8      | Noticed qw's ghost (novice GrFi)
  9224 | D:8      | 9224 ||| UPGRADING to ring of protection from fire.
  9225 | D:8      | 9225 ||| READING scroll labelled XEHEKHL PULEROEKO.
  9254 | D:9      | 9254 ||| INVOKING Heroism.
  9261 | D:9      | Reached skill level 1 in Throwing
  9390 | D:9      | 9390 ||| INVOKING Heroism.
  9407 | D:9      | 9407 ||| INVOKING Heroism.
  9424 | D:9      | 9424 ||| INVOKING Heroism.
  9471 | D:9      | 9471 ||| INVOKING Heroism.
  9613 | D:9      | Found a white marble altar of Elyvilon.
  9662 | D:9      | 9662 ||| INVOKING Heroism.
  9740 | D:9      | 9740 ||| Stepping ~*~*~tactically~*~*~ (hiding).
  9743 | D:9      | 9743 ||| INVOKING Heroism.
 10017 | D:9      | 10017 ||| UPGRADING to +0 kite shield.
 10027 | D:9      | 10027 ||| DROPPING +0 buckler.
 10028 | D:9      | 10028 ||| READING 2 scrolls labelled TOLOGY YGONATEUD.
 10029 | D:9      | 10029 ||| DROPPING scroll of summoning.
 10042 | D:10     | Entered Level 10 of the Dungeon
 10073 | D:10     | 10073 ||| Stepping ~*~*~tactically~*~*~ (hiding).
 10080 | D:10     | Reached ** piety under Okawaru
 10264 | D:10     | Noticed a two-headed ogre
 10265 | D:10     | 10265 ||| INVOKING Heroism.
 10273 | D:10     | Killed a two-headed ogre
 10274 | D:10     | Reached skill level 7 in Shields
 10320 | D:10     | 10320 ||| Stepping ~*~*~tactically~*~*~ (stealth).
 10326 | D:10     | 10326 ||| INVOKING Heroism.
 10350 | D:10     | Reached skill level 8 in Shields
 10350 | D:10     | Reached XP level 11. HP: 68/68 MP: 14/14
 10619 | D:10     | 10619 ||| INVOKING Heroism.
 10625 | D:10     | Reached *** piety under Okawaru
 10626 | D:10     | Reached skill level 9 in Shields
 10729 | D:10     | Found a burning altar of Makhleb.
 10748 | D:10     | 10748 ||| INVOKING Heroism.
 10771 | D:10     | 10771 ||| DROPPING ring of wizardry.
 10809 | D:11     | 10809 ||| STAIRDANCE
 10844 | D:11     | 10844 ||| STAIRDANCE
 11018 | D:11     | 11018 ||| Stepping ~*~*~tactically~*~*~ (hiding).
 11136 | D:11     | 11136 ||| INVOKING Heroism.
 11144 | D:11     | Reached skill level 10 in Shields
 11167 | D:11     | 11167 ||| INVOKING Heroism.
 11180 | D:11     | Reached **** piety under Okawaru
 11300 | D:11     | 11300 ||| INVOKING Heroism.
 11372 | D:11     | Reached skill level 9 in Fighting
 11380 | D:11     | 11380 ||| INVOKING Heroism.
 11408 | D:11     | 11408 ||| Stepping ~*~*~tactically~*~*~ (stealth).
 11431 | D:11     | 11431 ||| Stepping ~*~*~tactically~*~*~ (stealth).
 11434 | D:11     | 11434 ||| INVOKING Heroism.
 11472 | D:11     | Found a staircase to the Lair.
 11493 | D:11     | Found a staircase to the Orcish Mines.
 11507 | D:11     | 11507 ||| Stepping ~*~*~tactically~*~*~ (stealth).
 11508 | D:11     | 11508 ||| Stepping ~*~*~tactically~*~*~ (stealth).
 11509 | D:11     | 11509 ||| Stepping ~*~*~tactically~*~*~ (stealth).
 11511 | D:11     | 11511 ||| Stepping ~*~*~tactically~*~*~ (stealth).
 11512 | D:11     | 11512 ||| INVOKING Heroism.
 11550 | D:11     | 11550 ||| Stepping ~*~*~tactically~*~*~ (stealth).
 11551 | D:11     | 11551 ||| INVOKING Heroism.
 11560 | D:11     | Reached skill level 6 in Invocations
 11583 | D:11     | 11583 ||| FLEEEEING.
 11584 | D:11     | 11584 ||| FLEEEEING.
 11585 | D:11     | 11585 ||| FLEEEEING.
 11586 | D:11     | 11586 ||| FLEEEEING.
 11587 | D:11     | 11587 ||| FLEEEEING.
 11588 | D:11     | 11588 ||| FLEEEEING.
 11589 | D:11     | 11589 ||| FLEEEEING.
 11592 | D:11     | 11592 ||| FLEEEEING.
 11593 | D:11     | 11593 ||| FLEEEEING.
 11597 | D:11     | 11597 ||| FLEEEEING.
 11598 | D:11     | 11598 ||| FLEEEEING.
 11599 | D:11     | 11599 ||| STAIRDANCE
 11651 | D:10     | 11651 ||| READING 12 scrolls of identify.
 11651 | D:10     | 11651 ||| IDENTIFYING bubbling ruby potion
 11656 | D:11     | 11656 ||| STAIRDANCE
 11754 | D:11     | 11754 ||| STAIRDANCE
 11861 | D:11     | 11861 ||| STAIRDANCE
 12079 | D:11     | 12079 ||| INVOKING Heroism.
 12510 | D:11     | 12510 ||| PLANNING LAIR
 12548 | Lair:1   | Entered Level 1 of the Lair of Beasts
 12549 | Lair:1   | 12549 ||| INVOKING Heroism.
 12621 | Lair:1   | 12621 ||| INVOKING Heroism.
 12701 | Lair:1   | 12701 ||| INVOKING Heroism.
 12706 | Lair:1   | Reached skill level 3 in Throwing
 12714 | Lair:1   | Reached XP level 12. HP: 76/76 MP: 15/17
 12714 | Lair:1   | Reached ***** piety under Okawaru
 12737 | Lair:1   | You fall into a shaft and drop 1 floor!
 12799 | Lair:2   | 12799 ||| Stepping ~*~*~tactically~*~*~ (hiding).
 12817 | Lair:2   | Received a gift from Okawaru
 13025 | Lair:1   | 13025 ||| INVOKING Heroism.
 13146 | Lair:1   | 13146 ||| Stepping ~*~*~tactically~*~*~ (stealth).
 13164 | Lair:1   | 13164 ||| INVOKING Heroism.
 13587 | Lair:2   | 13587 ||| READING scroll of enchant armour.
 13587 | Lair:2   | 13587 ||| ENCHANTING +2 plate armour of willpower.
 13617 | Lair:2   | 13617 ||| Stepping ~*~*~tactically~*~*~ (hiding).
 13681 | Lair:2   | 13681 ||| INVOKING Heroism.
 13807 | Lair:2   | Found a hole to the Spider Nest.
 13845 | Lair:2   | 13845 ||| Stepping ~*~*~tactically~*~*~ (stealth).
 13846 | Lair:2   | 13846 ||| Stepping ~*~*~tactically~*~*~ (stealth).
 13849 | Lair:2   | 13849 ||| Stepping ~*~*~tactically~*~*~ (stealth).
 13850 | Lair:2   | 13850 ||| Stepping ~*~*~tactically~*~*~ (stealth).
 13854 | Lair:2   | 13854 ||| Stepping ~*~*~tactically~*~*~ (stealth).
 13855 | Lair:2   | 13855 ||| INVOKING Heroism.
 13862 | Lair:2   | Identified the +8 plate armour of Dyfuocil {Str+2} (Okawaru
                  | gifted it to you on level 2 of the Lair of Beasts)
 13862 | Lair:2   | Received a gift from Okawaru
 13877 | Lair:2   | Reached skill level 9 in Invocations
 14001 | Lair:2   | 14001 ||| INVOKING Heroism.
 14007 | Lair:2   | Reached skill level 12 in Axes
 14258 | Lair:2   | 14258 ||| UPGRADING to +8 plate armour of Dyfuocil {Str+2}.
 14268 | Lair:2   | 14268 ||| DROPPING +3 plate armour of willpower.
 14282 | Lair:3   | 14282 ||| PLANNING GAUNTLET
 14476 | Lair:3   | Found a hazy altar of Hepliaklqana.
 14536 | Lair:3   | 14536 ||| INVOKING Heroism.
 14545 | Lair:3   | 14545 ||| Stepping ~*~*~tactically~*~*~ (hiding).
 14558 | Lair:3   | Found a staircase to the Shoals.
 14696 | Lair:3   | 14696 ||| Stepping ~*~*~tactically~*~*~ (hiding).
 14699 | Lair:3   | 14699 ||| Stepping ~*~*~tactically~*~*~ (hiding).
 14740 | Lair:3   | 14740 ||| RIP GAUNTLET
 14806 | Lair:3   | 14806 ||| PLANNING LAIR
 14831 | Lair:3   | 14831 ||| Stepping ~*~*~tactically~*~*~ (stealth).
 14834 | Lair:3   | 14834 ||| Stepping ~*~*~tactically~*~*~ (stealth).
 14837 | Lair:3   | 14837 ||| INVOKING Heroism.
 14920 | Lair:3   | 14920 ||| INVOKING Heroism.
 14960 | Lair:3   | 14960 ||| INVOKING Heroism.
 15274 | Lair:3   | 15274 ||| DROPPING scarf of harm.
 15300 | Lair:4   | 15300 ||| INVOKING Heroism.
 15318 | Lair:4   | Reached XP level 13. HP: 81/82 MP: 20/20
 15469 | Lair:4   | 15469 ||| INVOKING Heroism.
 15470 | Lair:4   | Noticed Urug
 15471 | Lair:4   | 15471 ||| Stepping ~*~*~tactically~*~*~ (stealth).
 15493 | Lair:4   | 15493 ||| INVOKING Finesse.
 15508 | Lair:4   | Killed Urug
 15649 | Lair:4   | 15649 ||| INVOKING Heroism.
 15753 | Lair:4   | Found a viscous altar of Jiyva.
 15753 | Lair:4   | Found a staircase to the Slime Pits.
 15799 | Lair:4   | 15799 ||| INVOKING Heroism.
 15847 | Lair:4   | Received a gift from Okawaru
 15874 | Lair:4   | 15874 ||| INVOKING Heroism.
 15892 | Lair:4   | Reached skill level 11 in Shields
 15948 | Lair:4   | 15948 ||| Stepping ~*~*~tactically~*~*~ (stealth).
 15972 | Lair:4   | Received a gift from Okawaru
 16024 | Lair:4   | 16024 ||| INVOKING Heroism.
 16025 | Lair:4   | 16025 ||| INVOKING Finesse.
 16141 | Lair:4   | 16141 ||| INVOKING Heroism.
 16142 | Lair:4   | 16142 ||| SWAPPING to +0 morningstar.
 16143 | Lair:4   | 16143 ||| INVOKING Finesse.
 16151 | Lair:4   | 16151 ||| SWAPPING to +1 vampiric broad axe.
 16254 | Lair:4   | Noticed Josephine
 16255 | Lair:4   | 16255 ||| Stepping ~*~*~tactically~*~*~ (stealth).
 16257 | Lair:4   | 16257 ||| INVOKING Heroism.
 16268 | Lair:4   | Killed Josephine
 16336 | Lair:4   | 16336 ||| FLEEEEING.
 16621 | Lair:4   | 16621 ||| INVOKING Heroism.
 16735 | Lair:4   | 16735 ||| Stepping ~*~*~tactically~*~*~ (stealth).
 16737 | Lair:4   | 16737 ||| FLEEEEING.
 16738 | Lair:4   | 16738 ||| INVOKING Heroism.
 16749 | Lair:4   | Received a gift from Okawaru
 16815 | Lair:4   | Noticed a dire elephant
 16816 | Lair:4   | 16816 ||| INVOKING Heroism.
 16820 | Lair:4   | 16820 ||| INVOKING Finesse.
 16837 | Lair:4   | Received a gift from Okawaru
 16860 | Lair:4   | Killed a dire elephant
 17172 | Lair:5   | Entered Level 5 of the Lair of Beasts
 17187 | Lair:5   | 17187 ||| INVOKING Heroism.
 17194 | Lair:5   | Gained mutation: Your large and strong wings let you fly.
                  | [Gargoyle growth]
 17194 | Lair:5   | Reached XP level 14. HP: 88/88 MP: 19/21
 17245 | Lair:5   | 17245 ||| Stepping ~*~*~tactically~*~*~ (stealth).
 17249 | Lair:5   | 17249 ||| Stepping ~*~*~tactically~*~*~ (hiding).
 17264 | Lair:5   | 17264 ||| INVOKING Heroism.
 17266 | Lair:5   | 17266 ||| Stepping ~*~*~tactically~*~*~ (stealth).
 17289 | Lair:5   | 17289 ||| Stepping ~*~*~tactically~*~*~ (stealth).
 17305 | Lair:5   | Noticed Sonja
 17306 | Lair:5   | 17306 ||| INVOKING Finesse.
 17360 | Lair:5   | Killed Sonja
 17390 | Lair:5   | 17390 ||| Stepping ~*~*~tactically~*~*~ (stealth).
 17394 | Lair:5   | 17394 ||| INVOKING Heroism.
 17395 | Lair:5   | 17395 ||| Stepping ~*~*~tactically~*~*~ (stealth).
 17396 | Lair:5   | 17396 ||| INVOKING Finesse.
 17454 | Lair:5   | 17454 ||| Stepping ~*~*~tactically~*~*~ (stealth).
 17455 | Lair:5   | 17455 ||| INVOKING Heroism.
 17456 | Lair:5   | 17456 ||| INVOKING Finesse.
 17477 | Lair:5   | Reached skill level 9 in Armour
 17510 | Lair:5   | 17510 ||| Stepping ~*~*~tactically~*~*~ (stealth).
 17511 | Lair:5   | 17511 ||| Stepping ~*~*~tactically~*~*~ (stealth).
 17534 | Lair:5   | 17534 ||| Stepping ~*~*~tactically~*~*~ (stealth).
 17573 | Lair:5   | 17573 ||| Stepping ~*~*~tactically~*~*~ (stealth).
 17627 | Lair:5   | 17627 ||| INVOKING Heroism.
 17635 | Lair:5   | Received a gift from Okawaru
 17714 | Lair:5   | Reached skill level 12 in Shields
 17756 | Lair:5   | 17756 ||| Stepping ~*~*~tactically~*~*~ (stealth).
 17900 | Lair:5   | Identified the +3 hand axe of Yzxiapnem {elec, Contam rPois
                  | Int+2}
 17996 | Lair:5   | 17996 ||| INVOKING Heroism.
 17997 | Lair:5   | 17997 ||| INVOKING Finesse.
 18041 | Lair:5   | Received a gift from Okawaru
 18048 | Lair:5   | Received a gift from Okawaru
 18107 | Lair:5   | 18107 ||| Stepping ~*~*~tactically~*~*~ (hiding).
 18112 | Lair:5   | 18112 ||| INVOKING Heroism.
 18113 | Lair:5   | 18113 ||| INVOKING Finesse.
 18178 | Lair:5   | 18178 ||| Stepping ~*~*~tactically~*~*~ (stealth).
 18179 | Lair:5   | 18179 ||| Stepping ~*~*~tactically~*~*~ (stealth).
 18225 | Lair:5   | 18225 ||| INVOKING Heroism.
 18227 | Lair:5   | 18227 ||| Stepping ~*~*~tactically~*~*~ (hiding).
 18228 | Lair:5   | 18228 ||| INVOKING Finesse.
 18282 | Lair:5   | Found a hide-covered altar of Uskayaw.
 18528 | Lair:5   | 18528 ||| PLANNING D
 18528 | Lair:5   | 18528 ||| UPGRADING to +1 cloak.
 18533 | Lair:5   | 18533 ||| READING scroll of enchant armour.
 18533 | Lair:5   | 18533 ||| ENCHANTING +1 cloak.
 18534 | Lair:5   | 18534 ||| UPGRADING to amulet of regeneration.
 18544 | Lair:5   | 18544 ||| DROPPING amulet of the acrobat.
 18750 | D:12     | 18750 ||| INVOKING Heroism.
 18767 | D:12     | Reached skill level 15 in Axes
 18798 | D:12     | 18798 ||| INVOKING Heroism.
 18804 | D:12     | HP: 16/90 [skeletal warrior/+0 flail (10)]
 18805 | D:12     | 18805 ||| READING 7 scrolls of teleportation.
 18806 | D:12     | 18806 ||| DRINKING 3 potions of heal wounds.
 18909 | D:12     | 18909 ||| Stepping ~*~*~tactically~*~*~ (stealth).
 18911 | D:12     | 18911 ||| INVOKING Heroism.
 18991 | D:12     | 18991 ||| INVOKING Heroism.
 18992 | D:12     | 18992 ||| Stepping ~*~*~tactically~*~*~ (stealth).
 19017 | D:12     | Noticed Erolcha
 19018 | D:12     | 19018 ||| INVOKING Finesse.
 19025 | D:12     | Killed Erolcha
 19243 | D:12     | Noticed Psyche
 19255 | D:12     | 19255 ||| DRINKING 7 potions of curing.
 19255 | D:12     | 19255 ||| (to cure confusion)
 19256 | D:12     | Killed Psyche
 19467 | D:12     | 19467 ||| INVOKING Heroism.
 19521 | D:12     | 19521 ||| DROPPING ring of fire.
 19522 | D:12     | 19522 ||| READING 21 scrolls of identify.
 19522 | D:12     | 19522 ||| IDENTIFYING pink potion
 19523 | D:12     | 19523 ||| DROPPING potion of ambrosia.
 19558 | D:13     | Reached skill level 6 in Throwing
 19572 | D:13     | Received a gift from Okawaru
 19620 | D:13     | 19620 ||| Stepping ~*~*~tactically~*~*~ (hiding).
 19622 | D:13     | 19622 ||| Stepping ~*~*~tactically~*~*~ (hiding).
 19661 | D:13     | 19661 ||| Stepping ~*~*~tactically~*~*~ (stealth).
 19667 | D:13     | 19667 ||| Stepping ~*~*~tactically~*~*~ (stealth).
 19758 | D:13     | Identified the +9 spear of Cruel Justice {freeze, +Blink
                  | Str-5 Stlth+}
 19790 | D:13     | Found a radiant altar of Vehumet.
 19792 | D:13     | 19792 ||| INVOKING Heroism.
 19793 | D:13     | 19793 ||| INVOKING Finesse.
 19841 | D:13     | 19841 ||| Stepping ~*~*~tactically~*~*~ (hiding).
 19850 | D:13     | 19850 ||| Stepping ~*~*~tactically~*~*~ (hiding).
 19920 | D:13     | Reached XP level 15. HP: 96/96 MP: 22/22
 20022 | D:13     | Reached skill level 12 in Fighting
 20073 | D:13     | 20073 ||| INVOKING Heroism.
 20140 | D:13     | 20140 ||| FLEEEEING.
 20141 | D:13     | 20141 ||| FLEEEEING.
 20148 | D:13     | 20148 ||| FLEEEEING.
 20185 | D:13     | 20185 ||| INVOKING Heroism.
 20194 | D:13     | Identified the +11 plate armour "Iramusel" {rPois Str+3
                  | SInv} (Okawaru gifted it to you on level 13 of the Dungeon)
 20194 | D:13     | Received a gift from Okawaru
 20229 | D:13     | Found a gate to the Vaults.
 20525 | D:13     | 20525 ||| UPGRADING to +11 plate armour "Iramusel" {rPois
                  | Str+3 SInv}.
 20535 | D:13     | 20535 ||| REMOVING ring of see invisible.
 20536 | D:13     | 20536 ||| DROPPING +8 plate armour of Dyfuocil {Str+2}.
 20537 | D:13     | 20537 ||| UPGRADING to +0 tower shield.
 20547 | D:13     | 20547 ||| DROPPING +0 kite shield.
 20548 | D:13     | 20548 ||| UPGRADING to ring of positive energy.
 20549 | D:13     | 20549 ||| UPGRADING to ring of protection from fire.
 20551 | D:13     | 20551 ||| READING 20 scrolls of identify.
 20551 | D:13     | 20551 ||| IDENTIFYING bubbling pink potion
 20552 | D:13     | 20552 ||| DROPPING potion of degeneration.
 20620 | D:14     | 20620 ||| Stepping ~*~*~tactically~*~*~ (hiding).
 20625 | D:14     | 20625 ||| INVOKING Heroism.
 20722 | D:14     | 20722 ||| Stepping ~*~*~tactically~*~*~ (hiding).
 20723 | D:14     | 20723 ||| Stepping ~*~*~tactically~*~*~ (hiding).
 20755 | D:14     | 20755 ||| INVOKING Heroism.
 20756 | D:14     | 20756 ||| INVOKING Finesse.
 20758 | D:14     | 20758 ||| SWAPPING to +0 morningstar.
 20764 | D:14     | 20764 ||| SWAPPING to +1 vampiric broad axe.
 20790 | D:14     | 20790 ||| INVOKING Heroism.
 20805 | D:14     | Reached skill level 13 in Shields
 21344 | D:15     | Entered Level 15 of the Dungeon
 21345 | D:15     | 21345 ||| STAIRDANCE
 21352 | D:15     | 21352 ||| STAIRDANCE
 21354 | D:14     | 21354 ||| INVOKING Heroism.
 21403 | D:15     | 21403 ||| STAIRDANCE
 21405 | D:14     | 21405 ||| INVOKING Heroism.
 21445 | D:15     | 21445 ||| Stepping ~*~*~tactically~*~*~ (hiding).
 21446 | D:15     | 21446 ||| Stepping ~*~*~tactically~*~*~ (hiding).
 21458 | D:15     | 21458 ||| FLEEEEING.
 21463 | D:15     | 21463 ||| FLEEEEING.
 21464 | D:15     | 21464 ||| FLEEEEING.
 21465 | D:15     | 21465 ||| FLEEEEING.
 21466 | D:15     | 21466 ||| FLEEEEING.
 21467 | D:15     | 21467 ||| FLEEEEING.
 21468 | D:15     | 21468 ||| FLEEEEING.
 21469 | D:15     | 21469 ||| FLEEEEING.
 21470 | D:15     | 21470 ||| STAIRDANCE
 21509 | D:15     | 21509 ||| STAIRDANCE
 21511 | D:14     | 21511 ||| INVOKING Heroism.
 21552 | D:15     | 21552 ||| Stepping ~*~*~tactically~*~*~ (stealth).
 21553 | D:15     | 21553 ||| Stepping ~*~*~tactically~*~*~ (stealth).
 21572 | D:15     | Reached skill level 14 in Shields
 21598 | D:15     | 21598 ||| INVOKING Heroism.
 21599 | D:15     | 21599 ||| INVOKING Finesse.
 21621 | D:15     | 21621 ||| INVOKING Heroism.
 21729 | D:15     | 21729 ||| INVOKING Heroism.
 21730 | D:15     | 21730 ||| Stepping ~*~*~tactically~*~*~ (stealth).
 21768 | D:15     | Found a staircase to the Depths.
 21868 | D:15     | 21868 ||| Stepping ~*~*~tactically~*~*~ (stealth).
 21879 | D:15     | 21879 ||| Stepping ~*~*~tactically~*~*~ (hiding).
 21885 | D:15     | 21885 ||| INVOKING Heroism.
 21912 | D:15     | 21912 ||| Stepping ~*~*~tactically~*~*~ (stealth).
 21914 | D:15     | Received a gift from Okawaru
 21936 | D:15     | Reached skill level 15 in Shields
 22023 | D:15     | 22023 ||| READING 9 scrolls of teleportation.
 22116 | D:15     | 22116 ||| PLANNING ORC
 22224 | Orc:1    | Entered Level 1 of the Orcish Mines
 22236 | Orc:1    | 22236 ||| INVOKING Heroism.
 22253 | Orc:1    | 22253 ||| Stepping ~*~*~tactically~*~*~ (hiding).
 22254 | Orc:1    | 22254 ||| Stepping ~*~*~tactically~*~*~ (hiding).
 22255 | Orc:1    | 22255 ||| Stepping ~*~*~tactically~*~*~ (hiding).
 22505 | Orc:2    | Entered Level 2 of the Orcish Mines
 22570 | Orc:2    | 22570 ||| Stepping ~*~*~tactically~*~*~ (hiding).
 22575 | Orc:2    | 22575 ||| INVOKING Heroism.
 22578 | Orc:2    | 22578 ||| Stepping ~*~*~tactically~*~*~ (hiding).
 22607 | Orc:2    | Received a gift from Okawaru
 22670 | Orc:2    | 22670 ||| INVOKING Heroism.
 22715 | Orc:2    | 22715 ||| Stepping ~*~*~tactically~*~*~ (stealth).
 22717 | Orc:2    | 22717 ||| Stepping ~*~*~tactically~*~*~ (hiding).
 22719 | Orc:2    | 22719 ||| Stepping ~*~*~tactically~*~*~ (hiding).
 22929 | Orc:2    | 22929 ||| Stepping ~*~*~tactically~*~*~ (stealth).
 22934 | Orc:2    | 22934 ||| INVOKING Heroism.
 22966 | Orc:2    | Found a staircase to the Elven Halls.
 22977 | Orc:2    | 22977 ||| INVOKING Heroism.
 22978 | Orc:2    | 22978 ||| DRINKING 8 potions of curing.
 22978 | Orc:2    | 22978 ||| (to cure confusion)
 23053 | Orc:2    | 23053 ||| Stepping ~*~*~tactically~*~*~ (hiding).
 23066 | Orc:2    | 23066 ||| Stepping ~*~*~tactically~*~*~ (stealth).
 23071 | Orc:2    | 23071 ||| Stepping ~*~*~tactically~*~*~ (hiding).
 23072 | Orc:2    | 23072 ||| Stepping ~*~*~tactically~*~*~ (hiding).
 23087 | Orc:2    | 23087 ||| INVOKING Heroism.
 23100 | Orc:2    | Reached skill level 16 in Shields
 23101 | Orc:2    | 23101 ||| Stepping ~*~*~tactically~*~*~ (hiding).
 23104 | Orc:2    | 23104 ||| INVOKING Heroism.
 23107 | Orc:2    | 23107 ||| Stepping ~*~*~tactically~*~*~ (hiding).
 23118 | Orc:2    | Reached XP level 16. HP: 101/101 MP: 23/23
 23134 | Orc:2    | 23134 ||| Stepping ~*~*~tactically~*~*~ (hiding).
 23142 | Orc:2    | 23142 ||| INVOKING Heroism.
 23158 | Orc:2    | 23158 ||| Stepping ~*~*~tactically~*~*~ (hiding).
 23159 | Orc:2    | 23159 ||| Stepping ~*~*~tactically~*~*~ (hiding).
 23176 | Orc:2    | Found Payq's Weapon Shop.
 23176 | Orc:2    | Found Qediymm's Jewellery Emporium.
 23178 | Orc:2    | Found Rod Qoul's Assorted Antiques.
 23178 | Orc:2    | Found Agubocew's General Store.
 23187 | Orc:2    | 23187 ||| BUYING potion of attraction (117 gold).
 23187 | Orc:2    | Bought a potion of attraction for 117 gold pieces
 23187 | Orc:2    | 23187 ||| BUYING scroll of brand weapon (370 gold).
 23187 | Orc:2    | Bought a scroll of brand weapon for 370 gold pieces
 23187 | Orc:2    | 23187 ||| BUYING scroll of teleportation (117 gold).
 23187 | Orc:2    | Bought a scroll of teleportation for 117 gold pieces
 23190 | Orc:2    | 23190 ||| BUYING +4 ring of protection (396 gold).
 23190 | Orc:2    | Bought a +4 ring of protection for 396 gold pieces
 23190 | Orc:2    | 23190 ||| BUYING ring of Eqipnaakk {Fire Str+2 Dex+3} (467
                  | gold).
 23190 | Orc:2    | Bought the ring of Eqipnaakk {Fire Str+2 Dex+3} for 467
                  | gold pieces
 23190 | Orc:2    | 23190 ||| BUYING ring of Vowadauf {Fly Dex+5} (385 gold).
 23190 | Orc:2    | Bought the ring of Vowadauf {Fly Dex+5} for 385 gold pieces
 23190 | Orc:2    | 23190 ||| SHOPLISTING ring of ice (275 gold, have 153).
 23190 | Orc:2    | 23190 ||| SHOPLISTING ring of resist corrosion (220 gold,
                  | have 153).
 23260 | Orc:2    | 23260 ||| Stepping ~*~*~tactically~*~*~ (hiding).
 23262 | Orc:2    | 23262 ||| Stepping ~*~*~tactically~*~*~ (hiding).
 23271 | Orc:2    | Received a gift from Okawaru
 23406 | Orc:2    | 23406 ||| UPGRADING to +4 ring of protection.
 23408 | Orc:2    | 23408 ||| DROPPING ring of positive energy.
 23435 | Orc:1    | 23435 ||| INVOKING Heroism.
 23443 | Orc:1    | Reached skill level 3 in Dodging
 23451 | Orc:1    | 23451 ||| Stepping ~*~*~tactically~*~*~ (hiding).
 23516 | Orc:1    | 23516 ||| INVOKING Heroism.
 23744 | Orc:1    | 23744 ||| PLANNING SHOALS:1-3
 23859 | Shoals:1 | Entered Level 1 of the Shoals
 23930 | Shoals:1 | 23930 ||| INVOKING Heroism.
 23944 | Shoals:1 | 23944 ||| INVOKING Finesse.
 23970 | Shoals:1 | 23970 ||| INVOKING Heroism.
 24024 | Shoals:1 | 24024 ||| Stepping ~*~*~tactically~*~*~ (hiding).
 24037 | Shoals:1 | 24037 ||| Stepping ~*~*~tactically~*~*~ (hiding).
 24038 | Shoals:1 | 24038 ||| Stepping ~*~*~tactically~*~*~ (hiding).
 24076 | Shoals:1 | Found a transporter.
 24080 | Shoals:1 | Noticed royokou's ghost (adept GrEE)
 24173 | Shoals:1 | Found a transporter.
 24427 | Shoals:1 | Received a gift from Okawaru
 24468 | Shoals:1 | 24468 ||| Stepping ~*~*~tactically~*~*~ (stealth).
 24474 | Shoals:1 | 24474 ||| Stepping ~*~*~tactically~*~*~ (stealth).
 24732 | Shoals:2 | Reached ****** piety under Okawaru
 24794 | Shoals:2 | Found Kajoc's Magic Scroll Shoppe.
 24803 | Shoals:2 | 24803 ||| BUYING scroll of teleportation (45 gold).
 24803 | Shoals:2 | Bought a scroll of teleportation for 45 gold pieces
 24803 | Shoals:2 | 24803 ||| BUYING scroll of teleportation (45 gold).
 24803 | Shoals:2 | Bought a scroll of teleportation for 45 gold pieces
 24851 | Shoals:2 | Reached skill level 17 in Shields
 25084 | Shoals:2 | 25084 ||| Stepping ~*~*~tactically~*~*~ (hiding).
 25085 | Shoals:2 | 25085 ||| Stepping ~*~*~tactically~*~*~ (hiding).
 25150 | Shoals:2 | 25150 ||| INVOKING Heroism.
 25492 | Shoals:3 | 25492 ||| FLEEEEING.
 25493 | Shoals:3 | 25493 ||| FLEEEEING.
 25494 | Shoals:3 | 25494 ||| FLEEEEING.
 25495 | Shoals:3 | 25495 ||| FLEEEEING.
 25496 | Shoals:3 | 25496 ||| FLEEEEING.
 25497 | Shoals:3 | 25497 ||| FLEEEEING.
 25498 | Shoals:3 | 25498 ||| FLEEEEING.
 25499 | Shoals:3 | 25499 ||| FLEEEEING.
 25500 | Shoals:3 | 25500 ||| FLEEEEING.
 25501 | Shoals:3 | 25501 ||| FLEEEEING.
 25502 | Shoals:3 | 25502 ||| FLEEEEING.
 25503 | Shoals:3 | 25503 ||| FLEEEEING.
 25506 | Shoals:3 | 25506 ||| STAIRDANCE
 25526 | Shoals:2 | 25526 ||| UPGRADING to +0 pair of boots.
 25531 | Shoals:2 | 25531 ||| READING scroll of enchant armour.
 25531 | Shoals:2 | 25531 ||| ENCHANTING +0 pair of boots.
 25534 | Shoals:3 | 25534 ||| INVOKING Heroism.
 25535 | Shoals:3 | 25535 ||| INVOKING Finesse.
 25689 | Shoals:3 | 25689 ||| Stepping ~*~*~tactically~*~*~ (hiding).
 25751 | Shoals:3 | 25751 ||| READING scroll of enchant armour.
 25751 | Shoals:3 | 25751 ||| ENCHANTING +1 pair of boots.
 25807 | Shoals:3 | Noticed Louise
 25808 | Shoals:3 | 25808 ||| INVOKING Heroism.
 25809 | Shoals:3 | 25809 ||| INVOKING Finesse.
 25821 | Abyss:3  | Found a corrupted altar of Lugonu.
 25821 | Abyss:3  | Cast into level 3 of the Abyss (Louise)
 25869 | Abyss:3  | Noticed a tentacled starspawn
 25871 | Abyss:3  | 25871 ||| Stepping ~*~*~tactically~*~*~ (hiding).
 25873 | Abyss:3  | 25873 ||| Stepping ~*~*~tactically~*~*~ (hiding).
 25875 | Abyss:3  | 25875 ||| Stepping ~*~*~tactically~*~*~ (hiding).
 25882 | Abyss:3  | Killed a tentacled starspawn
 25882 | Abyss:3  | Received a gift from Okawaru
 25899 | Abyss:3  | 25899 ||| Stepping ~*~*~tactically~*~*~ (stealth).
 25900 | Abyss:3  | 25900 ||| Stepping ~*~*~tactically~*~*~ (stealth).
 25903 | Abyss:3  | 25903 ||| Stepping ~*~*~tactically~*~*~ (stealth).
 25922 | Abyss:3  | Identified the +1 pair of boots of the Grape {*Slow rElec
                  | Int+9} (Okawaru gifted it to you on level 3 of the Abyss)
 25922 | Abyss:3  | Received a gift from Okawaru
 25924 | Abyss:3  | 25924 ||| INVOKING Heroism.
 25926 | Abyss:3  | 25926 ||| Stepping ~*~*~tactically~*~*~ (stealth).
 25927 | Abyss:3  | 25927 ||| Stepping ~*~*~tactically~*~*~ (stealth).
 25947 | Abyss:3  | 25947 ||| Stepping ~*~*~tactically~*~*~ (stealth).
 25950 | Abyss:3  | 25950 ||| Stepping ~*~*~tactically~*~*~ (hiding).
 25951 | Abyss:3  | 25951 ||| Stepping ~*~*~tactically~*~*~ (hiding).
 25954 | Abyss:3  | Found a corrupted altar of Lugonu.
 25973 | Abyss:3  | 25973 ||| Stepping ~*~*~tactically~*~*~ (stealth).
 25977 | Abyss:3  | Found a corrupted altar of Lugonu.
 25978 | Abyss:3  | 25978 ||| Stepping ~*~*~tactically~*~*~ (hiding).
 25986 | Abyss:3  | 25986 ||| INVOKING Heroism.
 26031 | Abyss:3  | 26031 ||| Stepping ~*~*~tactically~*~*~ (hiding).
 26037 | Abyss:3  | 26037 ||| INVOKING Heroism.
 26051 | Abyss:3  | HP: 20/90 [lurking horror (4)]
 26052 | Abyss:3  | 26052 ||| READING 11 scrolls of teleportation.
 26053 | Abyss:3  | 26053 ||| DRINKING 5 potions of heal wounds.
 26145 | Abyss:3  | 26145 ||| INVOKING Heroism.
 26157 | Abyss:3  | Paralysed by accursed screaming for 2 turns
 26163 | Shoals:3 | Escaped the Abyss
 26164 | Shoals:3 | 26164 ||| INVOKING Finesse.
 26171 | Shoals:3 | Noticed Ilsuiw
 26191 | Abyss:3  | Cast into level 3 of the Abyss (Louise)
 26195 | Abyss:3  | Noticed a bone dragon
 26227 | Abyss:3  | Killed a bone dragon
 26237 | Abyss:3  | 26237 ||| Stepping ~*~*~tactically~*~*~ (stealth).
 26238 | Abyss:3  | 26238 ||| Stepping ~*~*~tactically~*~*~ (stealth).
 26239 | Abyss:3  | 26239 ||| Stepping ~*~*~tactically~*~*~ (stealth).
 26242 | Abyss:3  | 26242 ||| Stepping ~*~*~tactically~*~*~ (hiding).
 26243 | Abyss:3  | 26243 ||| Stepping ~*~*~tactically~*~*~ (hiding).
 26278 | Abyss:3  | 26278 ||| INVOKING Heroism.
 26278 | Abyss:3  | Paralysed by accursed screaming for 1 turns
 26303 | Abyss:3  | Noticed a Hell Sentinel
 26303 | Abyss:3  | 26303 ||| INVOKING Finesse.
 26303 | Abyss:3  | Noticed an Ice Fiend
 26304 | Abyss:3  | 26304 ||| DRINKING 3 potions of resistance.
 26310 | Abyss:3  | Killed from afar by a Hell Sentinel

Levels and vault maps discovered:
D:1:      amcnicky_arrival_flooded_fountain, layout_basic, serial_shops,
          shop_fountains, shop, shop_fountains, dreamdust_princess_corridor,
          minmay_fountain_box
D:2:      layout_basic, chequers_serial_rivers_small_a, minmay_domino_2
D:3:      layout_rooms, nicolae_tso_besieged_by_evil,
          hellmonk_ecumenical_altar_watching_god, gup_sewer_entry_spiral,
          grunt_decor_arrowhead, minmay_increasing_density, uniq_grinder,
          uniq_terence
D:4:      layout_loops_corners, gammafunk_ghost_grave, st_stairs_4
D:5:      layout_basic, grunt_temple_overflow_diamond, uniq_menkaure, uniq_ijyb
D:6:      layout_loops_corners
D:7:      layout_rooms, minmay_temple_entry_junction_2, corexii_checkpoint_b,
          hangedman_decor_slide_cut, uniq_pikel
D:8:      layout_cave_pods, gammafunk_ghost_spectres, minmay_between
D:9:      layout_cross, old_standard_altar
D:10:     layout_loops_cross, mainiacjoe_overflow_brackets
D:11:     layout_long_grid, due_lair_maze_entry_diamond, orc_0_dummy,
          portal_ice_cave_entry_ice_simulacra
D:12:     layout_roguey, nicolae_elevator_lobby_plus, uniq_erolcha, uniq_psyche
D:13:     layout_basic, ximxim_vaults_locker_room, vehumet_statue
D:14:     layout_basic, wad_floor_pattern_2
D:15:     hangedman_depths_entry_civil_slaughter, layout_rooms,
          bh_walls_and_bars
Temple:   lightli_temple_of_artemis
Lair:1:   hellmonk_ruined_rings, layout_regular_city
Lair:2:   layout_gridlike, dummy_spider_entry, infiniplex_staircase_pool_2
Lair:3:   layout_regular_city, elwin_shoals_entry_stream,
          gauntlet_entry_generic, basic_altar
Lair:4:   layout_regular_city, slime_entry_1, nicolae_lair_lakeside_cave,
          uniq_josephine, uniq_urug
Lair:5:   minmay_lair_end_enchanted_forest, layout_misc_corridors, basic_altar,
          st_stairs_6, lemuel_fruit_tree, serial_bayou_shore_a, uniq_sonja
Shoals:1: layout_shoals, gammafunk_ghost_arena
Shoals:2: layout_shoals, serial_shops, nicolae_diamond_shop
Shoals:3: layout_shoals, nicolae_shoals_spectral_cove, uniq_louise, uniq_ilsuiw,
          uniq_polyphemus
Orc:1:    layout_caves
Orc:2:    grunt_orc_tribal_feast, layout_caves
Abyss:3:  base: D:14, minivault_1, hangedman_shadowy_showcase,
          hangedman_abyss_or_decor_clamps, base:
Lair:4

Skill      XL: |  1  2  3  4  5  6  7  8  9 10 11 12 13 14 15 16 |
---------------+-------------------------------------------------+-----
Axes           | 2 3 5 6 7 9 10 11 12 14 15 16 | 16.9
Fighting       | 4 5 6 7 8 9 10 11 12 | 12.0
Armour         | 4 6 7 8 10 11 | 11.1
Dodging        | 1 2 3 |  3.0
Shields        | 4 8 10 11 12 16 17 | 17.0
Invocations    | 4 6 10 | 10.0
Throwing       | 1 3 5 6 7 |  7.0

Action                   |  1- 3 |  4- 6 |  7- 9 | 10-12 | 13-15 | 16-18 || total
-------------------------+-------+-------+-------+-------+-------+-------++-------
Melee: War axe           |   106 |    51 |       |       |       |       ||   157
       Broad axe         |       |   116 |   345 |   610 |  1306 |   683 ||  3060
       Morningstar       |       |       |       |       |    11 |       ||    11
Throw: Boomerang         |       |       |    19 |    42 |     6 |       ||    67
       Javelin           |       |       |       |    48 |   145 |    11 ||   204
Invok: Heroism           |       |       |       |    34 |    43 |    13 ||    90
       Finesse           |       |       |       |       |    14 |     5 ||    19
  Use: Scroll            |     3 |    11 |     7 |     4 |     5 |     3 ||    33
       Potion            |     1 |       |     2 |       |     3 |     2 ||     8
 Stab: Distracted        |       |       |       |       |     1 |       ||     1
Armor: Scale mail        |    34 |       |       |       |       |       ||    34
       Plate armour      |    17 |    92 |   236 |   410 |   732 |   307 ||  1794
Dodge: Dodged            |    38 |    37 |   114 |   188 |   295 |   125 ||   797
Block: Buckler           |    14 |    30 |    97 |    47 |       |       ||   188
       Kite shield       |       |       |       |   251 |   443 |       ||   694
       Tower shield      |       |       |       |       |   413 |   572 ||   985

Table legend:
 A = Non-vault XP
 B = Vault XP
 C = Vault XP percentage of total XP
 D = Non-vault monster count
 E = Vault monster count
 F = Vault count percentage of total count
                 A         B        C        D         E       F
            +---------+---------+-------+---------+---------+-------
      Total |  138152 |   41632 |  23.2 |     619 |     179 |  22.4
            +---------+---------+-------+---------+---------+-------
        D:1 |      17 |       2 |  10.5 |      10 |       1 |   9.1
        D:2 |      38 |      13 |  25.5 |      22 |       1 |   4.3
        D:3 |      79 |     388 |  83.1 |      17 |      23 |  57.5
        D:4 |     192 |      15 |   7.2 |      26 |       2 |   7.1
        D:5 |     761 |     200 |  20.8 |      20 |       2 |   9.1
        D:6 |     751 |       0 |   0.0 |      16 |       0 |   0.0
        D:7 |     952 |     589 |  38.2 |      23 |       3 |  11.5
        D:8 |    1389 |     540 |  28.0 |      18 |       4 |  18.2
        D:9 |    1676 |       0 |   0.0 |      37 |       0 |   0.0
       D:10 |    3425 |       0 |   0.0 |      14 |       0 |   0.0
       D:11 |    4288 |    1900 |  30.7 |      19 |      14 |  42.4
       D:12 |    8772 |    1127 |  11.4 |      26 |       2 |   7.1
       D:13 |    6506 |    3715 |  36.3 |      20 |      13 |  39.4
       D:14 |   11919 |     807 |   6.3 |      24 |       1 |   4.0
       D:15 |   10942 |    3558 |  24.5 |      24 |       5 |  17.2
     Lair:1 |    3629 |       0 |   0.0 |      15 |       0 |   0.0
     Lair:2 |    5050 |       0 |   0.0 |      17 |       0 |   0.0
     Lair:3 |    3563 |    1559 |  30.4 |      15 |       4 |  21.1
     Lair:4 |   12782 |   10149 |  44.3 |      40 |      26 |  39.4
     Lair:5 |    8668 |    9468 |  52.2 |      18 |      48 |  72.7
   Shoals:1 |   13334 |       0 |   0.0 |      26 |       0 |   0.0
   Shoals:2 |    6180 |       0 |   0.0 |      16 |       0 |   0.0
   Shoals:3 |    7444 |       0 |   0.0 |      15 |       0 |   0.0
      Orc:1 |    2652 |       0 |   0.0 |      49 |       0 |   0.0
      Orc:2 |    4887 |    7602 |  60.9 |      48 |      30 |  38.5
    Abyss:3 |   18256 |       0 |   0.0 |      44 |       0 |   0.0
            +---------+---------+-------+---------+---------+-------
